[Event "Early-Titled-Tuesday-Blitz-October-03-2023"]
[Site "Chess.com"]
[Date "2023.10.03"]
[Round "2"]
[White "OchsenfroschGambit"]
[Black "JosefineHeinemann"]
[Result "1-0"]
[WhiteElo "2397"]
[BlackElo "2521"]
[TimeControl "180+1"]
[EndTime "8:18:11 PDT"]
[Termination "OchsenfroschGambit won on time"]

1. d4 Nf6 2. c4 e6 3. Nc3 d5 4.
cxd5 Nxd5 5. e4 Nxc3 6. bxc3 c5 7. Nf3 cxd4 8. cxd4 Bb4+ 9. Bd2 Bxd2+ 10. Qxd2 O-O 11.
Bc4 Nd7 12. O-O b6 13. Rfe1 Bb7 14. a4 Nf6 15. Bd3 h6 16. a5 bxa5 17. Rxa5 Qc7 18. Rea1 Bxe4 19. Rc5 Qd8 20. Qe3 Bxf3 21. gxf3 Nd5 22.
Qe5 Qh4 23. Qe4 Qxe4 24. fxe4 Nf4 25. Bc4 Rfd8 26. d5 Rac8 27. Raa5 Rxc5 28. Rxc5 exd5 29. exd5 Rd7 30. f3 g5 31. Kf2 Kg7 32. Ke3 h5 33. Ra5 Kf6 34. Kd4 Ne6+ 35. Ke4 Ng7 36. Ra6+ Ke7 37.
Bb5 Rd6 38. Rxa7+ Kf6 39. Ra8 Nf5 40. Rh8 Kg7 41. Rc8 Ne7 42. Re8 Nxd5 43. Ke5 Rb6 44. Kxd5 Rxb5+ 45. Ke4 Rb2 46. h4 gxh4 47. Re5 Kg6 48.
Kf4 Rb4+ 49. Ke3 h3 50. Rd5 h2 51. Rd1 1-0

[Event "Early-Titled-Tuesday-Blitz-October-03-2023"]
[Site "Chess.com"]
[Date "2023.10.03"]
[Round "2"]
[White "Mikhail_Golubev"]
[Black "Vaathi_Coming"]
[Result "0-1"]
[WhiteElo "2596"]
[BlackElo "2864"]
[TimeControl "180+1"]
[EndTime "8:18:12 PDT"]
[Termination "Vaathi_Coming won on time"]

1. e4 e6 2. d4 d5 3. Bd3 dxe4 4. Bxe4 Nf6 5. Bf3 c5 6. Be3 Nbd7 7.
Ne2 cxd4 8. Nxd4 Ne5 9. Nc3 Bb4 10. O-O Bxc3 11. bxc3 O-O 12. Be2 Bd7 13. Rb1 Qc7 14.
Bf4 Nd5 15. Qd2 Nxf4 16. Qxf4 Rac8 17. Rb3 b6 18. Re1 Ng6 19. Qe3 Qf4 20. Ba6 Rc5 21.
g3 Qxe3 22. Rxe3 e5 23. Nb5 Be6 24. Rb4 Ne7 25. Re1 Nd5 26. Rb2 Nxc3 27. Nxc3 Rxc3 28. Rxe5 Rd8 29. Bd3 g6 30. Re1 Ra3 31. Kf1 Kg7 32.
Ke2 Rd7 33. Ra1 Kf6 34. f4 h5 35. Re1 Rxa2 36. Rxa2 Bxa2 37. Ra1 Be6 38. Ra3 Rc7 39. Ke3 a5 40. Kd4 Rd7+ 41. Ke3 Rd6 42. c4 Bd7 43. Ra1 Bf5 44. Bxf5 Kxf5 45. c5 bxc5 46. Rxa5 Rd5 47.
Rb5 Ke6 48. Ke4 Rd4+ 49. Ke3 Kd5 50. Rb7 f5 51. Rg7 Re4+ 0-1

[Event "Early-Titled-Tuesday-Blitz-October-03-2023"]
[Site "Chess.com"]
[Date "2023.10.03"]
[Round "2"]
[White "Ermito2020"]
[Black "the_chess_child"]
[Result "0-1"]
[WhiteElo "2589"]
[BlackElo "2855"]
[TimeControl "180+1"]
[EndTime "8:18:12 PDT"]
[Termination "the_chess_child won on time"]

1. e4 c5 2. Nf3 d6 3. d4 cxd4 4. Nxd4 Nf6 5. Nc3 a6 6. Bg5 e6 7. Qf3 Nbd7 8. O-O-O Qc7 9. Qg3 b5 10. Bxb5 axb5 11. Ndxb5 Qb7 12. Rxd6 Rxa2 13. Nc7+ Kd8 14. Nxe6+ fxe6 15. Nxa2 Bxd6 16. Qxd6 Qa6 17. Qxa6 Bxa6 18.
Nb4 Bb7 19. f3 Ke7 20. Rd1 h6 21. Be3 Rc8 22. b3 g5 23. Kb2 Ne5 24. Ra1 Ra8 25. Bc5+ Kf7 26. Rd1 h5 27. Be3 g4 28. f4 Nc6 29.
Nxc6 Bxc6 30. e5 Nd5 31. Bd2 h4 32. g3 hxg3 33. hxg3 Ne7 34. c4 Nf5 35. Be1 Rh8 36.
b4 Rh2+ 37. Kc3 Rg2 38. b5 Be4 39. c5 Rc2+ 40. Kb4 Ne3 41. Rd7+ Ke8 42. c6 Nd5+ 43. Kb3 Rc5 44. Rb7 Bd3 45. Ka4 Rc1 46. Rb8+ Kf7 47. Rb7+ Kg6 48. Bd2 Rc2 49. Bb4 Rc4 0-1

[Event "Early-Titled-Tuesday-Blitz-October-03-2023"]
[Site "Chess.com"]
[Date "2023.10.03"]
[Round "2"]
[White "sofaceindisguise"]
[Black "hellokostya"]
[Result "1-0"]
[WhiteElo "2779"]
[BlackElo "2536"]
[TimeControl "180+1"]
[EndTime "8:18:12 PDT"]
[Termination "sofaceindisguise won on time"]

1. d4 Nf6 2. c4 g6 3. Nc3 Bg7 4. e4 d6 5. Nf3 O-O 6. Be2 e5 7. O-O h6 8. Rb1 Nbd7 9. Re1 Nh7 10. dxe5 Nxe5 11. Nxe5 dxe5 12. Be3 c6 13. Qc1 Ng5 14. Rd1 Qe7 15. b4 Re8 16. b5 Kh7 17. h4 Ne6 18. h5 Nd4 19. hxg6+ fxg6 20. Bf1 Be6 21. bxc6 bxc6 22. Rd2 Rab8 23. Rdb2 Rxb2 24. Qxb2 Rd8 25. Qb7 Rd7 26. Qa6 h5 27. Ne2 Qc5 28. Bxd4 exd4 29. Nf4 Bf7 30. Rb7 Rxb7 31. Qxb7 Bxc4 32. Bxc4 Qxc4 33. g3 h4 34. Kg2 hxg3 35. Kxg3 d3 36. Qd7 Qxe4 37. Qh3+ Kg8 38. Qc8+ Kh7 39. Qh3+ Kg8 40.
Qc8+ Bf8 41. Qd7 g5 42. Nxd3 Be7 43. f3 Qe3 44. Kg4 Kf7 45. Qf5+ Ke8 46. Qc8+ Kf7 47. Qf5+ Ke8 48. Ne5 Qf4+ 49. Qxf4 gxf4 50. Nxc6 Bc5 51. Kxf4 Kd7 52. Ne5+ Ke6 53. Ke4 Bd6 54. Nc6 Bc5 55. Nd4+ Kd7 56. f4 Kc7 57. Kd5 Bf8 58. Ne6+ Kb6 59.
Nxf8 1-0

[Event "Early-Titled-Tuesday-Blitz-October-03-2023"]
[Site "Chess.com"]
[Date "2023.10.03"]
[Round "2"]
[White "Rital44"]
[Black "Alexei_Gubajdullin"]
[Result "0-1"]
[WhiteElo "2516"]
[BlackElo "2735"]
[TimeControl "180+1"]
[EndTime "8:18:12 PDT"]
[Termination "Alexei_Gubajdullin won on time"]

1. d4 Nf6 2. c4 g6 3. Nf3 Bg7 4.
Nc3 O-O 5. e4 d6 6. Be2 Na6 7.
O-O e5 8. Be3 c6 9. d5 Ng4 10.
Bg5 f6 11. Bh4 c5 12. Nd2 h5 13. a3 Nh6 14. f3 Nf7 15. Rb1 Bh6 16. Bf2 Bg5 17.
b4 Kg7 18. bxc5 Nxc5 19. Nb3 b6 20. a4 a5 21. Nxc5 dxc5 22. Rb3 Bd7 23. Qb1 Rb8 24. d6 Nxd6 25. Rd1 Nf7 26. Nd5 Qe8 27. Nxb6 Bc6 28. Bxc5 Rh8 29. Qd3 Bxa4 30. Nxa4 Qxa4 31. Rb5 Rhd8 32.
Rxb8 Rxd3 33. Rxd3 Qxc4 34. Bf2 Qc2 35. Bf1 Qc6 36.
Rb6 Qc7 37. Ra6 h4 38. Ra3 Bd2 39. Rd3 Bb4 40. Ra8 h3 41. g3 Bc5 42. Bxh3 Bxf2+ 43. Kxf2 Qc2+ 44. Ke3 Qc1+ 45. Rd2 Ng5 46. Bg4 f5 47. exf5 gxf5 48. Bxf5 Nxf3 49. Kxf3 Qxd2 50. Ra7+ Kf6 51. Be4 Qd1+ 52. Kg2 Qe2+ 53. Kh3 Qxe4 54. Rxa5 Qe2 0-1

[Event "Early-Titled-Tuesday-Blitz-October-03-2023"]
[Site "Chess.com"]
[Date "2023.10.03"]
[Round "2"]
[White "Dixit_Nikhil"]
[Black "Elsa167"]
[Result "1-0"]
[WhiteElo "2629"]
[BlackElo "2910"]
[TimeControl "180+1"]
[EndTime "8:18:13 PDT"]
[Termination "Dixit_Nikhil won on time"]

1. e4 c5 2. Nf3 d6 3. Bb5+ Nd7 4. d4 cxd4 5. Qxd4 a6 6. Bxd7+ Bxd7 7. Nc3 Nf6 8. Bg5 e6 9. O-O-O Bc6 10. e5 dxe5 11.
Qxd8+ Rxd8 12. Rxd8+ Kxd8 13. Nxe5 Be8 14. Rd1+ Kc8 15.
Nc4 Bc5 16. Nd6+ Bxd6 17. Rxd6 Bc6 18. f3 h6 19. Bxf6 gxf6 20. Rd3 h5 21. Kd2 Rg8 22. g3 h4 23. Ne2 hxg3 24. hxg3 Rh8 25. Ke3 e5 26. c4 Kc7 27. b3 Rh2 28. Rd2 f5 29. f4 f6 30. Nc3 Rh3 31. Ne2 Be8 32. Rd5 Bf7 33. Rd2 Bh5 34. Rd5 Rh2 35. Nc3 Bf7 36. Rd2 Rh3 37. Ne2 a5 38. c5 Bh5 39.
Rd5 Kc6 40. Rd6+ Kxc5 41. Rxf6 Bxe2 42. Kxe2 exf4 43. Rxf5+ Kb4 44. Rxf4+ Kb5 45. Kf3 Rh2 46. a4+ Kc5 47. Rf5+ Kb6 48. Rb5+ Ka6 49. Kg4 b6 50. Kg5 Kb7 51. g4 Kc6 52. Kg6 Re2 53. g5 Re6+ 54.
Kf7 Kd7 55. Rd5+ 1-0

[Event "Early-Titled-Tuesday-Blitz-October-03-2023"]
[Site "Chess.com"]
[Date "2023.10.03"]
[Round "2"]
[White "tolimachess"]
[Black "Carolina-moon"]
[Result "1-0"]
[WhiteElo "2433"]
[BlackElo "2118"]
[TimeControl "180+1"]
[EndTime "8:18:13 PDT"]
[Termination "tolimachess won by checkmate"]

1. Nc3 c5 2. e4 d6 3. g3 Nc6 4.
Bg2 g6 5. d3 Bg7 6. Be3 Rb8 7.
a4 a6 8. f4 e6 9. Nf3 Nge7 10.
O-O O-O 11. Qd2 Nd4 12. Rab1 b5 13. axb5 axb5 14. Ne2 Nxf3+ 15. Rxf3 Qc7 16. c3 d5 17. Rf2 Rd8 18. Qc2 dxe4 19. dxe4 Bb7 20. Nc1 c4 21.
Ne2 Nc6 22. e5 Ne7 23. Ba7 Ra8 24. Bxb7 Rxa7 25. Be4 Qc5 26. Nd4 Nf5 27. Nc6 Rad7 28. Nxd8 Rxd8 29. Bxf5 exf5 30. Rd1 Rb8 31. Qd2 Bf8 32.
Qd5 Qa7 33. Kg2 Bc5 34. Rfd2 h5 35. Qd7 Qb6 36. Rd5 h4 37. Re1 Bf2 38. Re2 h3+ 39.
Kxh3 Bg1 40. Kg2 Bc5 41. e6 fxe6 42. Qxe6+ Qxe6 43. Rxe6 Rc8 44. Rxg6+ Kf7 45. Rg5 Kf6 46. Rgxf5+ Ke6 47. Rfe5+ Kf6 48. g4 Rg8 49. g5+ Kf7 50.
Rxc5 b4 51. h4 bxc3 52. bxc3 Rd8 53. f5 Rd3 54. Rxc4 Kg7 55. Rc7+ Kg8 56. Re8# 1-0

[Event "Early-Titled-Tuesday-Blitz-October-03-2023"]
[Site "Chess.com"]
[Date "2023.10.03"]
[Round "2"]
[White "CarrotsandPizza"]
[Black "Actuary44"]
[Result "0-1"]
[WhiteElo "2272"]
[BlackElo "2505"]
[TimeControl "180+1"]
[EndTime "8:18:14 PDT"]
[Termination "Actuary44 won on time"]

1. d4 Nf6 2. c4 g6 3. Nc3 Bg7 4. e4 d6 5. f3 O-O 6. Bg5 c5 7. d5 Na6 8. Qd2 Nc7 9. Bd3 Rb8 10. a4 a6 11. Nge2 Bd7 12. a5 b5 13. axb6 Rxb6 14. O-O Qb8 15. Ra2 e6 16. Nc1 exd5 17. exd5 h6 18. Bxh6 Bxh6 19. Qxh6 Rxb2 20. Re1 Rxa2 21. N1xa2 Nce8 22. Re7 Qd8 23. Re2 Ng7 24. g4 Re8 25.
Nc1 a5 26. h4 Rxe2 27. N1xe2 Nh7 28. h5 Qh4 29. Kg2 a4 30. Ne4 a3 31. N2c3 Bxg4 32. fxg4 Qxg4+ 33. Kf2 Nf5 34. Qxh7+ Kxh7 35. Nf6+ Kg7 36.
Nxg4 Nd4 37. hxg6 fxg6 38. Ke3 Nb3 39. Bb1 g5 40. Kd3 Kg6 41. Kc2 Na5 42. Kd2+ Kh5 43. Nf6+ Kh4 44. Ba2 g4 45. Ke2 Kh3 46. Kf1 g3 47.
Kg1 g2 48. Nfe4 Nb7 49. Nxd6 Nxd6 50.
Nb5 Ne4 51. d6 Ng5 52. d7 Nf3+ 53. Kf2 g1=Q+ 54. Kxf3 Qg2+ 55. Ke3 Qg8 0-1

[Event "Early-Titled-Tuesday-Blitz-October-03-2023"]
[Site "Chess.com"]
[Date "2023.10.03"]
[Round "2"]
[White "remi04"]
[Black "SRob2003"]
[Result "0-1"]
[WhiteElo "2866"]
[BlackElo "2616"]
[TimeControl "180+1"]
[EndTime "8:18:15 PDT"]
[Termination "SRob2003 won by resignation"]

1. e4 c6 2. c4 d5 3. cxd5 cxd5 4. exd5 Nf6 5. Bb5+ Nbd7 6. Nf3 a6 7. Ba4 b5 8.
Bb3 Bb7 9. O-O Nb6 10. Nc3 Nbxd5 11. a4 b4 12. a5 bxc3 13. Ba4+ Nd7 14. Ne5 Nf6 15.
dxc3 Qc7 16. Bf4 O-O-O 17. Ng6 e5 18. Nxh8 Nc5 19. Bxe5 Rxd1 20. Bxc7 Rxf1+ 21. Kxf1 Kxc7 22. Nxf7 Bd5 23. Ne5 Bd6 24. Nf3 Bxf3 25. gxf3 Bxh2 26. Bc2 Be5 27. Re1 Ncd7 28. Bd3 Kb7 29. Bc4 h5 30. Kg2 h4 31. Be6 g5 32. Bf5 Kc6 33. Rd1 Bd6 34.
b4 Kc7 35. Bd3 Nb8 36. Bc4 Be5 37. Bd3 Nd5 38. c4 Nxb4 39. Be4 N4c6 40. Kh3 Nxa5 41.
c5 Nac6 42. Kg4 Nd7 43. Rc1 Bf4 44. Rc2 a5 45. Kf5 Nde5 46. Ra2 Nd7 47. Ra1 Bd2 48. Kg4 Nde5+ 49. Kh3 Nc4 50. Ra2 Bf4 51. Bxc6 Kxc6 52. Rc2 Kxc5 53. Kg4 a4 54. Ra2 a3 55. Ra1 Kb4 56. Kf5 Kb3 57. Kg4 a2 58. Re1 Kb2 0-1

[Event "Early-Titled-Tuesday-Blitz-October-03-2023"]
[Site "Chess.com"]
[Date "2023.10.03"]
[Round "2"]
[White "Maus7"]
[Black "soumeow"]
[Result "1-0"]
[WhiteElo "2479"]
[BlackElo "2235"]
[TimeControl "180+1"]
[EndTime "8:18:15 PDT"]
[Termination "Maus7 won by resignation"]

1. e4 c5 2. Nf3 Nc6 3. d4 cxd4 4. Nxd4 Nf6 5. Nc3 d6 6. Bg5 e6 7. Qd3 Bd7 8. Ndb5 Nb4 9. Qd1 Qb8 10. Bf4 e5 11.
Bg5 a6 12. Na3 b5 13. Bxf6 gxf6 14. Nab1 f5 15. a3 Nc6 16. exf5 Bxf5 17. g4 Be6 18. Bg2 Qc8 19. Ne4 Nd4 20. Nbc3 Be7 21. g5 O-O 22. Nf6+ Bxf6 23. gxf6 Kh8 24. Qh5 Rg8 25. Be4 Bf5 26.
Bxf5 Qxf5 27. Qxf5 Nxf5 28. O-O-O Nd4 29. Ne4 Rad8 30.
c3 Ne2+ 31. Kc2 d5 32. Ng3 Rg6 33. Nxe2 Rxf6 34. Rd2 Rxf2 35. Ng3 Rxd2+ 36. Kxd2 Kg7 37. a4 Kg6 38. axb5 axb5 39. Ra1 f5 40. Ra5 f4 41. Ne2 Kf5 42. Rxb5 f3 43. Ng3+ Kf4 44. Rb7 Rf8 45. Rxh7 e4 46. Rh4+ Kg5 47. Rh5+ Kg4 48. Rxd5 Rh8 49. Nf1 Kf4 50. Rd7 e3+ 51. Nxe3 Rxh2+ 52. Kd3 Rxb2 53. Rf7+ Kg3 54. Rg7+ Kf2 55. Nd1+ 1-0

[Event "Early-Titled-Tuesday-Blitz-October-03-2023"]
[Site "Chess.com"]
[Date "2023.10.03"]
[Round "2"]
[White "Iball95"]
[Black "DanyKopy"]
[Result "1-0"]
[WhiteElo "2767"]
[BlackElo "2531"]
[TimeControl "180+1"]
[EndTime "8:18:16 PDT"]
[Termination "Iball95 won on time"]

1. e4 c5 2. Nf3 Nc6 3. Nc3 e6 4.
d4 cxd4 5. Nxd4 Nf6 6. Bf4 Bb4 7.
Nb5 Nxe4 8. Qf3 d5 9. Nc7+ Kf8 10. O-O-O Nxc3 11. bxc3 Ba3+ 12. Kb1 Rb8 13. Nb5 e5 14. Rxd5 Qf6 15. Nxa3 Qxf4 16. Qxf4 exf4 17. Bc4 Be6 18. Rd3 Ne5 19. Rd4 Nxc4 20. Nxc4 Ke7 21. Rxf4 Rhc8 22. Ne3 Rxc3 23. Re1 Rd8 24. Kb2 Rc6 25.
Re2 Rb6+ 26. Ka1 Kf8 27. c4 Rd3 28. Rc2 g6 29. h4 h5 30. c5 Rb5 31. Ra4 a5 32. Re4 Kg7 33. g3 Bf5 34. Nxf5+ gxf5 35. Re1 Kf6 36. c6 bxc6 37. Rxc6+ Kg7 38. Rc2 f4 39. gxf4 Rf3 40. Rg1+ Kf6 41. Rc6+ Ke7 42. Rg5 Rxg5 43. fxg5 Rxf2 44. Rh6 f6 45. gxf6+ Rxf6 46. Rxh5 a4 47. Ra5 Rf4 48. h5 Kf7 49. Kb2 Kg7 50. Ka3 Kh6 51.
Rb5 Rg4 52. Rb4 Rg3+ 53. Kxa4 Kxh5 54. Kb5 Ra3 55. Ra4 Rg3 56. Re4 Kg5 57. a4 Kf5 58. Re1 Rb3+ 59. Kc6 1-0

[Event "Early-Titled-Tuesday-Blitz-October-03-2023"]
[Site "Chess.com"]
[Date "2023.10.03"]
[Round "2"]
[White "chito89"]
[Black "Journey_to_GrandMaster_YT"]
[Result "1-0"]
[WhiteElo "2807"]
[BlackElo "2550"]
[TimeControl "180+1"]
[EndTime "8:18:19 PDT"]
[Termination "chito89 won by checkmate"]

1. Nf3 d6 2. e4 Nf6 3. Nc3 e5 4.
d4 Nbd7 5. Rg1 h5 6. h3 c6 7. Be3 b5 8. a3 Bb7 9. g4 hxg4 10. hxg4 Be7 11. g5 Nh5 12. Qd2 g6 13. O-O-O a5 14. Kb1 b4 15. Na4 exd4 16. Nxd4 bxa3 17. b3 O-O 18. Ka2 c5 19. Nb5 Bxe4 20. Be2 d5 21. Nbc3 Ne5 22. Nxd5 c4 23. Nxe7+ Qxe7 24. Bc5 cxb3+ 25.
cxb3 Qe6 26. Bxh5 gxh5 27. Bxf8 Nf3 28. Qc3 Rxf8 29. Rg3 Rc8 30. Qf6 Ne5 31. Qxe6 fxe6 32. Re3 Rc2+ 33. Kxa3 Bf3 34. Rd8+ Kg7 35. Rxe5 Rxf2 36.
Rxe6 Bg4 37. Rf6 Rxf6 38. gxf6+ Kxf6 39. Nc5 h4 40. Rd4 Kg5 41. Ne4+ Kf5 42. Nf2 Bf3 43.
Rxh4 Ke5 44. Ra4 Kd5 45. Rxa5+ Kc6 46. Nd3 Kb6 47. Re5 Bc6 48. Kb4 Kc7 49. Kc5 Bb7 50. b4 Kb8 51. b5 Bc8 52. b6 Bh3 53. Re7 Bc8 54. Nb4 Bb7 55. Nc6+ Bxc6 56. Kxc6 Ka8 57. Re8# 1-0

[Event "Early-Titled-Tuesday-Blitz-October-03-2023"]
[Site "Chess.com"]
[Date "2023.10.03"]
[Round "2"]
[White "chesskov1982"]
[Black "Keeper0416"]
[Result "1/2-1/2"]
[WhiteElo "2822"]
[BlackElo "2586"]
[TimeControl "180+1"]
[EndTime "8:18:20 PDT"]
[Termination "Game drawn - insufficient material"]

1. d4 Nf6 2. Nc3 d5 3. Bf4 Bf5 4. e3 e6 5. Nf3 Bd6 6. Bg3 O-O 7. Bd3 Bxd3 8. cxd3 c5 9. dxc5 Bxc5 10. d4 Bb4 11. O-O Nc6 12. Rc1 Bxc3 13. Rxc3 Ne4 14. Rc1 Qb6 15.
Qe2 Rac8 16. a3 Na5 17. Ne5 Nb3 18. Rc2 Nxg3 19. hxg3 Rc7 20. Rxc7 Qxc7 21. Qd3 Nc1 22. Qb5 Rc8 23. Qd7 Qxd7 24. Nxd7 Nd3 25. Nc5 Nxc5 26.
Rc1 b6 27. b4 e5 28. bxc5 bxc5 29. dxc5 f6 30. Kf1 Kf7 31. Ke2 Ke6 32. Kd3 Kd7 33.
f4 Kc6 34. fxe5 fxe5 35. e4 Rd8 36. Rf1 Rd7 37. exd5+ Kxd5 38. c6 Kxc6+ 39. Ke4 Re7 40. g4 h6 41. Rb1 Kc5 42. a4 Kc4 43. a5 Kc3 44. a6 Re6 45. Rb7 Rxa6 46. Rxg7 Kb4 47. Kxe5 Ra2 48. Kf5 a5 49. Rh7 Rf2+ 50.
Ke4 Rxg2 51. Kf3 Rg1 52. Rb7+ Kc3 53. Ra7 Kb4 54. Rb7+ Ka4 55. Rh7 Rh1 56. g5 Rh3+ 57.
Kg4 Rh1 58. gxh6 Kb3 59. Ra7 a4 60. h7 a3 61. Kg5 a2 62. Kg6 Kb2 63. Kg7 Rxh7+ 64.
Kxh7 a1=Q 65. Rxa1 Kxa1 1/2-1/2

[Event "Early-Titled-Tuesday-Blitz-October-03-2023"]
[Site "Chess.com"]
[Date "2023.10.03"]
[Round "2"]
[White "Lady_Nika"]
[Black "Fantastic_Power"]
[Result "0-1"]
[WhiteElo "2534"]
[BlackElo "2764"]
[TimeControl "180+1"]
[EndTime "8:18:20 PDT"]
[Termination "Fantastic_Power won by resignation"]

1. e4 c5 2. Nc3 g6 3. g3 Bg7 4.
Bg2 Nc6 5. d3 Rb8 6. f4 d6 7.
Nf3 e6 8. O-O Nge7 9. Rb1 b5 10.
Ne2 O-O 11. Be3 Qa5 12. Nc1 Bb7 13. g4 f5 14. Ng5 Bc8 15. gxf5 exf5 16. exf5 Bxf5 17.
Nb3 Qc7 18. Qf3 c4 19. Nc1 d5 20. b4 h6 21. Nh3 Nd4 22. Bxd4 Bxd4+ 23. Kh1 Kh7 24. Ne2 Bf6 25. Ng3 Rbd8 26. Rbe1 Bc3 27. Rc1 Bxb4 28. c3 Ba3 29. Nxf5 Bxc1 30. Nxe7 Qxe7 31.
Rxc1 d4 32. cxd4 Rxd4 33. dxc4 bxc4 34. Qc3 Rfd8 35. Re1 Qxe1+ 36. Qxe1 Rd1 37. Qg1 Rxg1+ 38. Kxg1 c3 39. Be4 Rd2 40. Nf2 c2 41. Bxc2 Rxc2 42.
a4 Ra2 43. Kg2 Rxa4 44. Kf3 Ra2 45. Ng4 h5 46. Nf6+ Kg7 47. Ne8+ Kh6 48. h4 Ra3+ 49. Ke4 Rh3 50. Ke5 Rxh4 51. Nd6 Rg4 52. Nf7+ Kg7 53. Nd6 h4 0-1

[Event "Early-Titled-Tuesday-Blitz-October-03-2023"]
[Site "Chess.com"]
[Date "2023.10.03"]
[Round "2"]
[White "Darko-Dimitrijevic"]
[Black "djano"]
[Result "0-1"]
[WhiteElo "2140"]
[BlackElo "2660"]
[TimeControl "180+1"]
[EndTime "8:18:21 PDT"]
[Termination "djano won on time"]

1. c4 e6 2. b3 d5 3. Bb2 Nf6 4.
g3 Nc6 5. Bg2 Be7 6. Nf3 O-O 7.
O-O d4 8. d3 e5 9. a3 a5 10. Nbd2 Bf5 11. Ne1 Qd7 12. Nc2 Bh3 13. Nf3 Rfe8 14. Qd2 e4 15. dxe4 Nxe4 16. Qe1 Bxg2 17.
Kxg2 d3 18. exd3 Qxd3 19. Ne3 Qxb3 20. Rb1 Qa2 21. Qc1 Bf6 22. Bxf6 Nxf6 23. Rxb7 Rac8 24. Re1 Ne4 25. Qb2 Qxb2 26. Rxb2 Nc5 27. Rd1 f6 28. Nd5 Re4 29. Rb5 Rxc4 30. Ne3 Rc3 31. Nd4 Nxd4 32.
Rxd4 Ne6 33. Re4 Nc5 34. Rd4 Nb3 35. Rd7 a4 36. Nd5 Rc5 37. Ne7+ Kf8 38. Rb7 Re8 39. Nd5 Na5 40. Rbxc7 Rxc7 41. Rxc7 Re5 42. Nb6 Re4 43. Ra7 Nc4 44. Rxa4 Nd6 45. Ra8+ Kf7 46. a4 Re2 47. a5 Ra2 48. a6 Nb5 49. Nc8 Nc7 50. Ra7 Ke6 51.
Rxc7 Rxa6 52. Rxg7 h5 53. Rh7 Rc6 54. Rxh5 Rxc8 55.
h4 Rc2 56. Rb5 Kf7 57. g4 Kg6 58. Kg3 Rc3+ 59. f3 Ra3 60. h5+ Kg7 0-1

[Event "Early-Titled-Tuesday-Blitz-October-03-2023"]
[Site "Chess.com"]
[Date "2023.10.03"]
[Round "2"]
[White "Tsyhanchuk_Stanislav"]
[Black "DarZay"]
[Result "0-1"]
[WhiteElo "2443"]
[BlackElo "2205"]
[TimeControl "180+1"]
[EndTime "8:18:23 PDT"]
[Termination "DarZay won by checkmate"]

1. e4 c5 2. Nf3 Nc6 3. c4 e5 4.
Nc3 Nf6 5. a3 d6 6. Rb1 Nd4 7. h3 Be6 8. b4 cxb4 9. axb4 Rc8 10. d3 Nxf3+ 11. Qxf3 Be7 12. Be2 O-O 13. O-O h6 14.
Be3 a6 15. b5 axb5 16. Nxb5 Nd7 17. g4 h5 18. Qg2 hxg4 19. hxg4 Bg5 20. f4 exf4 21.
Bxf4 Bxf4 22. Rxf4 Ne5 23. Qg3 Qb6+ 24. Kg2 Ng6 25. Rf2 Rfd8 26. Rh1 Kf8 27. Bd1 d5 28.
exd5 Bxd5+ 29. Bf3 Bxf3+ 30. Qxf3 Ne5 31. Qe4 Qc6 32.
Rh8+ Ke7 33. Rxd8 Qxe4+ 34. dxe4 Rxd8 35. Nc3 Nxc4 36. Nd5+ Ke6 37. Rc2 b5 38. Kf3 Rc8 39.
Ra2 Ne5+ 40. Kf4 Ng6+ 41. Ke3 Rc1 42. Ra6+ Ke5 43. Ra7 Re1+ 44. Kd3 Rd1+ 45. Ke2 Rd4 46. Rxf7 Rxe4+ 47. Ne3 Nf4+ 48. Kf3 g5 49. Rf5+ Kd4 50. Rd5+ Nxd5 51. Nf5+ Ke5 52. Ng3 Rf4+ 53. Kg2 Rxg4 54. Kh3 Rxg3+ 55. Kxg3 b4 56. Kg4 b3 57. Kxg5 b2 58. Kg6 b1=Q+ 59. Kf7 Qf5+ 60. Kg8 Qg6+ 61. Kh8 Qf6+ 62. Kg8 Qe7 63. Kh8 Kf6 64. Kg8 Kg6 65. Kh8 Qe8# 0-1

[Event "Early-Titled-Tuesday-Blitz-October-03-2023"]
[Site "Chess.com"]
[Date "2023.10.03"]
[Round "2"]
[White "NelsonLinda"]
[Black "Man-Chuk"]
[Result "1-0"]
[WhiteElo "2576"]
[BlackElo "2782"]
[TimeControl "180+1"]
[EndTime "8:18:24 PDT"]
[Termination "NelsonLinda won by checkmate"]

1. b3 d5 2. Bb2 Bf5 3. d3 e6 4. Nd2 Nf6 5. g3 h6 6. Bg2 Bh7 7. e4 Be7 8. Nh3 a5 9. a3 O-O 10. O-O a4 11. b4 c5 12. bxc5 dxe4 13. Nxe4 Bxe4 14. dxe4 Bxc5 15. Nf4 Nc6 16. Nd3 Bd4 17. Rb1 Bxb2 18. Rxb2 Qe7 19. Qa1 Rfc8 20. Rfb1 Rc7 21. Rb6 Na5 22. Qa2 Rac8 23. R6b2 Rc3 24. Qa1 Rxa3 25.
Ra2 Nc4 26. Rb4 Rxd3 27. Rxc4 Rxc4 28. cxd3 Rc5 29. Rxa4 Qc7 30. Rc4 Rxc4 31. dxc4 Nd7 32. Qa8+ Kh7 33. e5 Nxe5 34. Bxb7 Qxc4 35. Qa1 Qe2 36.
Kg2 Ng4 37. Qd4 f5 38. h3 e5 39. Qb6 Nf6 40. Qe6 Qc2 41. Bc8 Qxc8 42. Qxc8 Kg6 43. Qe6 Kg5 44. Qxe5 Kg6 45. h4 h5 46. Kf3 Ng4 47.
Qe6+ Nf6 48. Kf4 Kh7 49. Qxf5+ Kh6 50. Qe6 Kg6 51. Qd6 Kf7 52. Kf5 g6+ 53. Ke5 Ng4+ 54. Kd4 Nf6 55. f3 Kg7 56. Qe7+ Kh6 57. Qxf6 Kh7 58.
Qf7+ Kh6 59. Ke5 g5 60. hxg5+ Kxg5 61. Qg7# 1-0

[Event "Early-Titled-Tuesday-Blitz-October-03-2023"]
[Site "Chess.com"]
[Date "2023.10.03"]
[Round "2"]
[White "JimDiGrease"]
[Black "MokshAD1603"]
[Result "1/2-1/2"]
[WhiteElo "2911"]
[BlackElo "2620"]
[TimeControl "180+1"]
[EndTime "8:18:25 PDT"]
[Termination "Game drawn by repetition"]

1. d4 Nf6 2. c4 g6 3. Bf4 c5 4. d5 b5 5. Nf3 bxc4 6. Nc3 d6 7. e4 Ba6 8. h3 Bg7 9. Qa4+ Qd7 10. Qc2 O-O 11. Be2 Qb7 12. O-O Nbd7 13. Nd2 Rab8 14. Rab1 Nb6 15. a4 Qc7 16. a5 Nbd7 17. Bxc4 Bxc4 18. Nxc4 Rb4 19. b3 Rfb8 20. Bd2 Qb7 21. Qd3 Nh5 22. g3 Bxc3 23. Bxc3 Rxb3 24. Rxb3 Qxb3 25.
Re1 Nhf6 26. f4 a6 27. e5 Ne8 28. exd6 Nxd6 29. Nxd6 exd6 30. Re3 Qb1+ 31. Kg2 Qxd3 32.
Rxd3 Rb3 33. Re3 f6 34. Re7 Rxc3 35. Rxd7 Ra3 36. Rxd6 Rxa5 37. Rxf6 Ra2+ 38. Kf3 Ra3+ 39. Kf2 Rd3 40. Rc6 Rxd5 41. Rxa6 Rd2+ 42. Kf3 Rc2 43. Rc6 c4 44. Kg4 Kg7 45. h4 Rc3 46.
h5 gxh5+ 47. Kxh5 Rxg3 48. Rxc4 Rg6 49. f5 Rg1 50. Rc6 Kf7 51. Kh6 Rh1+ 52. Kg5 Rg1+ 53. Kf4 Rh1 54. Rc7+ Kf6 55. Rc6+ Kf7 56. Ke5 Re1+ 57.
Kf4 Rf1+ 58. Kg5 Rg1+ 59. Kh4 Rh1+ 60. Kg4 Rg1+ 61. Kf3 Rf1+ 62. Ke4 Re1+ 63. Kd5 Rd1+ 64. Ke5 Re1+ 65. Kf4 Rf1+ 66. Kg5 Rg1+ 1/2-1/2

[Event "Early-Titled-Tuesday-Blitz-October-03-2023"]
[Site "Chess.com"]
[Date "2023.10.03"]
[Round "2"]
[White "MatthewG-p4p"]
[Black "Tssunami"]
[Result "1-0"]
[WhiteElo "2825"]
[BlackElo "2393"]
[TimeControl "180+1"]
[EndTime "8:18:25 PDT"]
[Termination "MatthewG-p4p won by resignation"]

1. f4 Nh6 2. Nf3 d5 3. g3 Nf5 4. Bg2 h5 5. O-O h4 6. Nxh4 Nxh4 7. gxh4 Rxh4 8. Qe1 Rh8 9. d3 Bh3 10. e4 Bxg2 11.
Kxg2 Nc6 12. Nc3 Qd7 13. Qg3 dxe4 14. dxe4 O-O-O 15. Be3 f5 16. Rad1 Qe6 17. Rxd8+ Nxd8 18. Rd1 Rh6 19. Kh1 Nc6 20. e5 Qf7 21. Qf3 e6 22. Nb5 a6 23. Nd4 Nxd4 24. Bxd4 Be7 25. Be3 Qe8 26.
Rg1 g6 27. c4 Qa4 28. Qe2 Qc6+ 29. Rg2 Qe4 30. b3 Rh3 31. Bd2 Qb1+ 32. Be1 Bb4 33.
Rg1 Be7 34. Bg3 Qe4+ 35. Qxe4 fxe4 36. Re1 Bh4 37. Kg2 Bxg3 38. hxg3 Rh5 39. Rxe4 c5 40. Re2 Kc7 41. Rd2 g5 42. Rd6 gxf4 43. gxf4 Rh4 44. Kg3 Rh1 45. Rxe6 Ra1 46. f5 Rxa2 47.
f6 Kd7 48. Re7+ Kd8 49. e6 Re2 50.
Kf4 b5 51. Ra7 Rxe6 52. Kf5 Re1 53. f7 Rf1+ 54. Ke6 bxc4 55. bxc4 Re1+ 56. Kd6 Rd1+ 57. Kxc5 Rf1 58. Rxa6 Rxf7 59. Ra8+ Ke7 60. Ra7+ Ke8 61.
Rxf7 Kxf7 62. Kd6 1-0

[Event "Early-Titled-Tuesday-Blitz-October-03-2023"]
[Site "Chess.com"]
[Date "2023.10.03"]
[Round "2"]
[White "ChainedDowntohell"]
[Black "ferrufino64"]
[Result "0-1"]
[WhiteElo "2441"]
[BlackElo "2205"]
[TimeControl "180+1"]
[EndTime "8:18:28 PDT"]
[Termination "ferrufino64 won by checkmate"]

1. d4 d5 2. Nf3 Nf6 3. c4 e6 4.
e3 b6 5. b3 Bb7 6. Bd3 Be7 7. O-O O-O 8. Bb2 Nbd7 9. Nc3 dxc4 10. bxc4 c5 11. d5 exd5 12. cxd5 Rc8 13. e4 c4 14. Bc2 Nc5 15. Qd4 Nd3 16. Bxd3 cxd3 17.
Qxd3 Nd7 18. Rfd1 Nc5 19. Qe3 Re8 20. e5 Bf8 21. Qf4 a6 22. h4 b5 23. Ng5 Qd7 24. e6 fxe6 25. dxe6 Qe7 26. Nd5 Bxd5 27. Rxd5 Nxe6 28. Nxe6 Qxe6 29. Rad1 Re7 30. Re5 Qf7 31.
Rf5 Qe8 32. Rf1 Rc4 33. Qf3 Rxh4 34. g3 Rhe4 35. Kg2 Re1 36. Rxe1 Rxe1 37. Bd4 Qe4 38. Qxe4 Rxe4 39. Be3 Ra4 40. Rd5 Rxa2 41. Rd7 b4 42. Ra7 b3 43. Bd4 b2 44. Rb7 a5 45. Bxb2 a4 46.
Bd4 a3 47. Ra7 h6 48. Be3 Bd6 49. Kf3 Be5 50. Ke4 Bf6 51. g4 Kh7 52. f4 Kg6 53. f5+ Kh7 54. Kd5 Ra1 55. Ke4 a2 56. Kf3 Rf1+ 57.
Bf2 a1=Q 58. Rxa1 Rxa1 59. Kg2 Ra4 60. Bg3 Rxg4 61. Kh3 Rg5 62. Bh4 Rxf5 63. Bg5 Rxg5 64.
Kh2 Kg6 65. Kh3 Kf5 66. Kh2 Kf4 67. Kh3 Kf3 68. Kh2 Be7 69. Kh1 Kf2 70. Kh2 Rh5# 0-1